 Dungeon Sprint DCSS version 0.18.1-50-g88ac8fd (webtiles) character file.

320 magog001 the Blocker (level 6, -7/57 HPs)
             Began as a Formicid Fighter on Oct 1, 2016.
             Mangled by Menkaure (12 damage)
             ... in the Dungeon (Sprint II: "The Violet Keep of Menkaure").
             The game lasted 00:00:59 (56 turns).

magog001 the Blocker (Formicid Fighter)               Turns: 56, Time: 00:01:01

Health: -7/57      AC:  8    Str: 23    XL:     6   Next: 75%
Magic:  6/6        EV: 10    Int:  7    God:
Gold:   243        SH: 11    Dex: 10    Spells: 0 memorised, 5 levels left

rFire  . . .     SeeInvis +     a - +0 quarterstaff
rCold  . . .     Gourm    .     b - +0 scale mail
rNeg   . . .     Faith    .     c - +0 shield
rPois  .         Spirit   .     (helmet unavailable)
rElec  .         Dismiss  .     (no cloak)
rCorr  .         Reflect  .     (no gloves)
SustAt .         Harm     .     (no boots)
MR     .....                    (no amulet)
Stlth  ..........               (no ring)
                                (no ring)

@: not resistant to hostile enchantments, extremely unstealthy
A: permanent stasis, dig shafts and tunnels, four strong arms, antennae 3
a: Dig


You were in the Dungeon.
You were not hungry.

You visited 1 branch You collected 243 gold pieces.

Inventory:

Hand Weapons
 a - a +0 quarterstaff (weapon)
Armour
 b - a +0 scale mail (worn)
 c - a +0 shield (worn)
Scrolls
 k - a scroll of blinking
Potions
 d - a potion of might
 e - a potion of curing
 g - a potion of heal wounds
 h - a potion of haste
 i - 2 potions of magic
 j - a potion of berserk rage
Comestibles
 f - a bread ration


   Skills:
 + Level 8.6 Fighting
 + Level 5.2 Staves
 + Level 8.3 Armour
 + Level 9.1 Shields


You had 5 spell levels left.
You didn't know any spells.

Dungeon Overview and Level Annotations

Branches:
Dungeon (1/1)

Altars:

Annotations:
D Menkaure


Innate Abilities, Weirdness & Mutations

You are under a permanent stasis effect.
You can dig through walls and to a lower floor.
Your four strong arms can wield two-handed weapons with a shield.
You have a pair of large antennae on your head (SInv).


Message History

The flying skull gives a hideous shriek!
You hit Menkaure but do no damage.
Menkaure is moderately damaged.
Menkaure gestures wildly while chanting.
Menkaure seems to speed up.
You sock Menkaure!
Menkaure is severely damaged.
The flying skull closely misses you.
Menkaure calls on the powers of darkness!
Your body is wracked with pain!
* * * LOW HITPOINT WARNING * * *
You block the flying skull's attack.
You block Menkaure's attack. 3 flying skulls come into view.
You barely miss Menkaure.
Menkaure is severely damaged.
The flying skull gives a hideous shriek! x3
The flying skull hits you!
* * * LOW HITPOINT WARNING * * *
Menkaure hits you!
You die...

{{ {{ {
#+# {
##.##
+.<.+ {
##.## {
##'## {
##.).#
#.@#..#
##Mzz##
{ ##z##
z§ #§§
zz§.
§§§z.§
§§.§§§


You could see Menkaure and 7 flying skulls.

Vanquished Creatures
  A siren (D)
1 creature vanquished.

Vanquished Creatures (others)
  A crocodile (D)
1 creature vanquished.

Grand Total: 2 creatures vanquished

Notes
Turn   | Place    | Note
--------------------------------------------------------------
     0 | D        | magog001 the Formicid Fighter began the quest for the Orb.
     0 | D        | Reached XP level 1. HP: 18/18 MP: 1/1
     3 | D        | Noticed a siren
    25 | D        | Killed a siren
    25 | D        | Reached skill level 5 in Staves
    25 | D        | Reached skill level 9 in Shields
    25 | D        | Reached XP level 2. HP: 8/33 MP: 2/2
    25 | D        | Reached XP level 3. HP: 10/38 MP: 3/3
    25 | D        | Reached XP level 4. HP: 11/45 MP: 4/4
    25 | D        | Reached XP level 5. HP: 13/51 MP: 5/5
    25 | D        | Reached XP level 6. HP: 15/57 MP: 6/6
    52 | D        | Noticed Menkaure
    52 | D        | Noticed a flying skull
    52 | D        | Noticed a flying skull
    52 | D        | Noticed a flying skull
    52 | D        | Noticed a flying skull
    52 | D        | Noticed a flying skull
    54 | D        | Noticed a flying skull
    56 | D        | Noticed a flying skull
    56 | D        | Noticed a flying skull
    56 | D        | Noticed a flying skull
    56 | D        | Mangled by Menkaure

Skill      XL: |  1 |
---------------+----+-----
Fighting       | 8 |  8.6
Staves         | 5 |  5.2
Armour         | 8 |  8.3
Shields        | 9 |  9.1

Action                   |  1- 3 |  4- 6 || total
-------------------------+-------+-------++-------
Melee: Quarterstaff      |    21 |     4 ||    25
Dodge: Dodged            |     1 |     1 ||     2
Block: Shield            |     2 |     3 ||     5
